Map: Emerald City LE

Players

SkillToPlay

  • Race: Terran Terran

JlasSik

  • Race: Terran Terran

SpikeDrone - Winner!

  • Race: Protoss Protoss
  • League: Gold

GekkeG - Winner!

  • Race: Zerg Zerg

VOD

Have the link to the VOD?

Description

Time

  • Played on: April 22, 2021, 5:57 p.m.
  • Length: 5:56
Show
View Real Time Build Order
Export as new Build Order

SkillToPlay Terran 

Build Orders:  

Get SALT Encoding   

  12  0:14  Supply Depot  
  12  0:19  SCV  
  13  0:31  SCV  
  14  0:39  Barracks  
  14  0:43  Refinery  
  14  0:44  SCV  
  15  0:56  SCV  
  16  1:08  SCV  
  17  1:12  Refinery  
  17  1:20  SCV  
  18  1:43  SCV  
  19  1:49  Factory  
  19  1:55  SCV  
  20  2:08  SCV  
  21  2:20  SCV  
  21  2:21  Supply Depot  
  22  2:32  SCV  
  22  2:34  Factory Tech Lab  
  23  2:41  Starport  
  23  2:43  Supply Depot  
  23  2:51  Orbital Command  
  23  3:05  Supply Depot  
  23  3:18  Starport  
  23  3:28  Supply Depot, Starport Tech Lab  
  23  3:33  SCV  
  24  3:50  Raven  
  24  3:51  Supply Depot  
  24  3:55  Starport  
  26  3:56  Fusion Core  
  26  4:04  SCV  
  27  4:19  Supply Depot  
  27  4:21  Barracks Tech Lab  
  27  4:30  Starport Tech Lab  
  27  4:41  Supply Depot  
  27  4:47  Starport Tech Lab  
  27  5:03  Supply Depot  
Show
View Real Time Build Order
Export as new Build Order

JlasSik Terran 

Build Orders:  

Get SALT Encoding   

  12  0:02  SCV  
  13  0:12  Refinery  
  13  0:20  Supply Depot  
  13  0:26  SCV  
  14  0:38  SCV  
  15  0:50  SCV  
  15  0:51  Barracks  
  16  1:00  Refinery  
  16  1:08  SCV  
  17  1:20  SCV  
  18  1:32  SCV  
  19  1:33  Supply Depot  
  19  1:40  Reaper  
  19  1:44  SCV  
  21  1:56  SCV  
  22  2:08  SCV  
  23  2:12  Reaper  
  24  2:16  Factory  
  24  2:21  SCV  
  25  2:29  Supply Depot  
  25  2:36  SCV  
  26  2:53  SCV  
  27  2:58  Command Center  
  27  3:04  Hellion  
  29  3:09  SCV  
  29  4:02  Factory Reactor  
  28  4:08  Engineering Bay  
  28  4:11  Barracks Tech Lab  
  28  4:12  SCV  
  28  4:15  Barracks  
  29  4:24  SCV  
  29  4:28  Engineering Bay  
  30  4:32  Supply Depot  
  31  4:42  Widow Mine x2  
  32  5:04  Widow Mine  
  30  5:26  Hellion  
  30  5:27  Hellion  
Show
View Real Time Build Order
Export as new Build Order

SpikeDrone Protoss - Winner!

Build Orders: 1 Gate Expand 

Get SALT Encoding   

  12  0:01  Probe  
  13  0:13  Probe  
  14  0:17  Pylon  
  14  0:25  Probe  
  15  0:36  Gateway  
  15  0:38  Probe  
  16  0:47  Assimilator  
  16  0:50  Probe  
  17  1:02  Probe  
  18  1:14  Probe  
  19  1:23  Cybernetics Core  
  19  1:38  Nexus  
  19  1:45  Probe  
  20  1:57  Probe, Warp Gate (Chrono Boost)  
  21  2:10  Gateway x2  
  21  2:14  Probe  
  22  2:21  Pylon  
  22  2:27  Probe  
  23  2:33  Twilight Council  
  23  2:39  Probe  
  24  2:53  Pylon  
  24  3:01  Gateway  
  24  3:03  Gateway  
  24  3:05  Zealot  
  26  3:07  Charge (Chrono Boost)  
  26  3:19  Zealot  
  30  3:20  Zealot  
  26  3:43  Stalker  
  27  3:58  Probe x2 (Chrono Boost)  
  30  4:10  Probe (Chrono Boost)  
  30  4:14  Pylon  
  30  4:16  Probe (Chrono Boost)  
  30  4:17  Probe (Chrono Boost)  
  32  4:28  Probe  
  32  4:29  Zealot x4, Probe  
  42  4:36  Shield Battery  
  42  4:40  Gateway  
  42  4:43  Probe  
  42  4:44  Probe  
  44  4:56  Probe  
  45  5:02  Stalker, Zealot  
  45  5:03  Zealot  
  49  5:17  Zealot x2  
  53  5:25  Stalker x2  
  57  5:28  Zealot  
  59  5:36  Zealot  
Show
View Real Time Build Order
Export as new Build Order

GekkeG Zerg - Winner!

Build Orders: Hatch First 

Get SALT Encoding   

  12  0:00  Drone  
  13  0:08  Drone  
  14  0:16  Overlord  
  14  0:41  Hatchery  
  13  0:45  Drone  
  13  0:49  Drone  
  15  0:54  Drone  
  16  0:57  Drone  
  17  1:07  Drone  
  18  1:16  Spawning Pool  
  17  1:19  Extractor  
  17  1:21  Drone  
  17  1:28  Drone  
  18  1:40  Drone  
  19  1:51  Drone  
  19  1:53  Drone  
  21  2:02  Queen  
  21  2:03  Queen  
  21  2:04  Zergling x2  
  21  2:05  Zergling x2  
  27  2:11  Drone  
  27  2:15  Overlord  
  28  2:20  Metabolic Boost  
  28  2:33  Drone x2, Extractor  
  28  2:34  Overlord  
  28  2:37  Drone  
  30  2:45  Drone  
  30  2:47  Drone  
  32  3:00  Drone x2  
  32  3:05  Overlord  
  34  3:08  Drone  
  35  3:15  Zergling x6  
  35  3:16  Zergling x4  
  35  3:19  Drone  
  41  3:36  Drone x2  
  41  3:37  Drone  
  44  3:42  Baneling Nest  
  44  3:47  Zergling x6  
  46  4:03  Zergling x2  
  46  4:04  Zergling x2  
  46  4:05  Drone x2  
  46  4:08  Extractor  
  46  4:09  Extractor  
  48  4:12  Lair  
  48  4:15  Zergling x4  
  50  4:26  Zergling x4  
  52  4:35  Overlord  
  52  4:42  Evolution Chamber  
  52  4:43  Overlord  
  52  4:44  Zergling x2  
  53  5:00  Zergling x16  
  58  5:07  Baneling  
  58  5:08  Baneling x17  
  58  5:12  Drone x4  
  58  5:13  Overseer  
  59  5:14  Overseer  
  59  5:25  Zergling x2  
  59  5:26  Zergling x2  
  61  5:30  Zergling x4  
  61  5:31  Zergling x2  
Tags
 
Add a new tag
Caveats
  • Supply blocks, unpowered buildings, or Contaminate may cause inaccurate times.
  • Supply counts are checked every 10 seconds.